 Dungeon Crawl Stone Soup version 0.25.1-2-g60ff931df9 (webtiles) character file.

Game seed: 13689197667202814292

1281 pokeman the Thaumaturge (level 8, -11/44 HPs)
             Began as a Deep Elf Wizard on Oct 17, 2020.
             Was a Follower of Vehumet.
             Shot with an arrow by a centaur (17 damage)
             ... on level 6 of the Dungeon.
             The game lasted 00:16:40 (8149 turns).

pokeman the Thaumaturge (Deep Elf Wizard)           Turns: 8149, Time: 00:16:41

Health: -11/44     AC:  3    Str:  4    XL:     8   Next: 29%
Magic:  20/20      EV: 11    Int: 26    God:    Vehumet [*.....]
Gold:   246        SH:  0    Dex: 13    Spells: 14/25 levels left

rFire    . . .     SeeInvis .   x - +3 short sword (venom)
rCold    + . .     Gourm    .   (no shield)
rNeg     . . .     Faith    .   v - +0 leather armour
rPois    .         Spirit   .   l - +0 helmet
rElec    .         Reflect  .   (no cloak)
rCorr    .         Harm     .   B - +0 pair of gloves
MR       +....                  (no boots)
Stlth    +.........             (no amulet)
HPRegen  0.14/turn              e - ring of attention (curse)
MPRegen  0.17/turn              f - ring of protection from magic

@: no status effects
A: blurry vision 1, cold resistance 1, deformed body, low mp 1
a: Renounce Religion


You were on level 6 of the Dungeon.
You worshipped Vehumet.
Vehumet was aware of your devotion.
You were very hungry.

You visited 2 branches of the dungeon, and saw 7 of its levels.
You also visited: Sewer.

You collected 246 gold pieces.

Inventory:

Hand Weapons
 x - a +3 short sword of venom (weapon)
Missiles
 m - 64 bolts
Armour
 l - a +0 helmet (worn)
 v - a +0 leather armour (worn)
 B - a +0 pair of gloves (worn)
Jewellery
 e - a cursed ring of attention (left hand)
 f - a ring of protection from magic (right hand)
 n - an uncursed ring of flight
Wands
 i - a wand of random effects (24)
 A - a wand of iceblast (6)
 D - a wand of disintegration (14)
Scrolls
 a - a scroll of amnesia {unknown}
 b - 2 scrolls of fog {unknown}
 c - 5 scrolls of remove curse {unknown}
 g - 5 scrolls of identify {unknown}
 j - 5 scrolls of teleportation {unknown}
 k - 3 scrolls of blinking {unknown}
 p - a scroll of enchant armour {unknown}
 r - 2 scrolls of random uselessness {unknown}
 s - a scroll of fear {unknown}
 w - 2 scrolls of immolation {unknown}
 y - a scroll of enchant weapon {unknown}
Potions
 h - a potion of brilliance {unknown}
 o - 6 potions of heal wounds {unknown}
 q - 2 potions of haste {unknown}
 t - 2 potions of flight {unknown}
 u - 5 potions of curing {unknown}
 z - 4 potions of might
Comestibles
 d - 6 rations


   Skills:
 - Level 2.0 Fighting
 + Level 1.5 Armour
 - Level 2.4 Dodging
 - Level 2.4 Stealth
 * Level 9.0 Spellcasting
 * Level 6.1 Conjurations
 - Level 1.1 Summonings
 - Level 1.1 Translocations
 + Level 3.1 Fire Magic
 - Level 1.0 Air Magic
 - Level 2.0 Poison Magic
 - Level 2.1 Evocations


You had 14 spell levels left.
You knew the following spells:

 Your Spells              Type           Power        Failure   Level  Hunger
a - Magic Dart            Conj           ####         1%          1    None
b - Mephitic Cloud        Conj/Pois/Air  ####....     8%          3    None
c - Call Imp              Summ           ###.....     9%          2    None
d - Blink                 Tloc           N/A          9%          2    None
e - Conjure Flame         Conj/Fire      #####...     4%          3    None

Your spell library contained the following spells:

 Spells                   Type           Power        Failure   Level  Hunger
 Sandblast                Erth           ##....       9%          1    None
 Slow                     Hex            ##......     13%         2    None


Dungeon Overview and Level Annotations

Branches:
Dungeon (6/15)             Temple (1/1) D:4           Sewer (visited)

Altars:
Ashenzari
Dithmenos
Gozag
Hepliaklqana
Qazlal
Trog
Uskayaw
Vehumet
Xom
Yredelemnul
Zin


Innate Abilities, Weirdness & Mutations

Scrolls take you a little longer to read.
Your flesh is cold resistant. (rC+)
Armour fits poorly on your strangely shaped body.
Your magical capacity is low. (-10% MP)


Message History

b - 2 scrolls labeled DAFIHI EKKIKES (gained 1)
The centaur shouts!
The centaur shoots an arrow.
The arrow completely misses you.
The centaur shoots an arrow.
The arrow hits you!
You see here 2 arrows.
The centaur shoots an arrow.
The arrow hits you.
You see here an arrow.
The centaur shoots an arrow.
The arrow hits you!
* * * LOW HITPOINT WARNING * * *
You hear a shout!
You see here an arrow.
A phantom comes into view.
The phantom blinks!
The centaur wields a +0 shortbow.
The centaur shoots an arrow.
The arrow hits you!
* * * LOW HITPOINT WARNING * * *
You see here an arrow.
The phantom hits you but does no damage.
The centaur shoots an arrow.
The arrow hits you!
You die...

##... ##?(....c
.......................
...............?.####.
... .................###
. ... ..........c.....#.
.... #................
..[.. #..............#
.....###........#.....##
#.........@.W..##......#
#.......#..(.##..(#
#####<####....#...# ###
##..c((.## ###....#
#....## #..#.# ######


You could see a phantom and 2 centaurs.

Vanquished Creatures
  Grinder (D:3)
  A phantom (D:4)
  An ogre (D:4)
  4 big kobolds (Sewer)
  A howler monkey (D:2)
  A crimson imp (D:5)
  2 hounds
  5 orc priests
  A centaur skeleton (D:5)
  Ijyb (D:3)
  A worker ant (D:2)
  Robin (D:3)
  11 adders
  A river rat (D:5)
  5 oozes
  An adder skeleton (D:5)
  An adder zombie (D:5)
  3 worms
  3 dart slugs
  2 leopard geckos
  19 orcs
  9 bats
  6 giant cockroaches
  9 goblins
  18 hobgoblins
  4 jackals (D:3)
  A quokka (D:4)
  8 ball pythons
  8 frilled lizards
  12 kobolds
  A leopard gecko skeleton (D:4)
  11 rats
153 creatures vanquished.

Notes
Turn   | Place    | Note
-------+----------+-------------------------------------------
     0 | D:1      | pokeman the Deep Elf Wizard began the quest for the Orb.
     0 | D:1      | Reached XP level 1. HP: 10/10 MP: 7/7
   549 | D:1      | Reached XP level 2. HP: 16/16 MP: 0/9
   857 | D:1      | Reached skill level 5 in Spellcasting
  1151 | D:1      | Reached XP level 3. HP: 20/20 MP: 6/11
  1156 | D:1      | Learned a level 3 spell: Mephitic Cloud
  1159 | D:1      | Learned a level 2 spell: Call Imp
  1162 | D:1      | Learned a level 2 spell: Blink
  1166 | D:1      | Learned a level 3 spell: Conjure Flame
  1956 | D:2      | Reached skill level 1 in Fighting
  1956 | D:2      | Reached skill level 1 in Armour
  2248 | D:2      | Reached XP level 4. HP: 22/25 MP: 6/13
  2684 | D:2      | Reached skill level 6 in Spellcasting
  2684 | D:2      | Reached skill level 1 in Fire Magic
  2684 | D:2      | Reached skill level 1 in Air Magic
  2684 | D:2      | Reached XP level 5. HP: 20/29 MP: 7/15
  3198 | D:3      | Noticed Ijyb
  3210 | D:3      | Noticed Grinder
  3215 | D:3      | Found an opulent altar of Gozag.
  3231 | D:2      | Gained mutation: Scrolls take you a little longer to read.
                  | [potion of mutation]
  3231 | D:2      | Gained mutation: Your magical capacity is low. (-10% MP)
                  | [potion of mutation]
  3231 | D:2      | Gained mutation: Armour fits poorly on your strangely
                  | shaped body. [potion of mutation]
  3231 | D:2      | Gained mutation: Your flesh is cold resistant. (rC+)
                  | [potion of mutation]
  3670 | D:3      | Noticed Robin
  3708 | D:3      | Killed Robin
  3878 | D:3      | Found a glowing silver altar of Zin.
  3925 | D:3      | Found a shattered altar of Ashenzari.
  3940 | D:3      | Found a hide-covered altar of Uskayaw.
  3943 | D:3      | Found a shadowy altar of Dithmenos.
  3944 | D:3      | Reached skill level 1 in Evocations
  4133 | D:3      | Killed Grinder
  4133 | D:3      | Reached skill level 7 in Spellcasting
  4133 | D:3      | Reached skill level 1 in Poison Magic
  4133 | D:3      | Reached XP level 6. HP: 32/34 MP: 1/16
  4752 | D:3      | Killed Ijyb
  4925 | D:4      | Reached XP level 7. HP: 21/38 MP: 6/18
  5570 | D:4      | Found a staircase to the Ecumenical Temple.
  5578 | Temple   | Entered the Ecumenical Temple
  5608 | Temple   | Became a worshipper of Vehumet
  5718 | D:4      | Reached skill level 5 in Conjurations
  5794 | D:4      | Reached skill level 8 in Spellcasting
  6105 | D:5      | Entered Level 5 of the Dungeon
  6340 | D:5      | Reached * piety under Vehumet
  6340 | D:5      | Offered knowledge of Sandblast by Vehumet.
  6359 | D:5      | Found a glowing drain.
  6389 | Sewer    | Entered a sewer
  6633 | Sewer    | Reached XP level 8. HP: 15/44 MP: 15/20
  7461 | D:5      | Reached skill level 9 in Spellcasting
  8149 | D:6      | Shot with an arrow by a centaur

Illustrated notes

Levels and vault maps discovered:
D:1:      sevenhm_arrival_forest_fort_small_5, layout_basic
D:2:      layout_basic, minmay_parallelograms
D:3:      layout_basic, lemuel_doored_altar, grunt_temple_overflow_cloverleaf,
          uniq_robin, uniq_grinder, uniq_ijyb
D:4:      layout_cave_pools, minmay_temple_entry_glassed_door,
          nrook_loot_triangle
D:5:      layout_cave_pools, first_ration, gup_sewer_entry_bowl
D:6:      layout_cave_pools, gammafunk_temple_overflow_wave, serial_shops,
          nicolae_shop_behind_doors
Temple:   regret_index_temple_waves

Skill      XL: |  1  2  3  4  5  6  7  8 |
---------------+-------------------------+-----
Spellcasting   | 5 6 7 8 9 |  9.0
Fighting       | 1 2 |  2.0
Armour         | 1 |  1.5
Conjurations   | 2 4 5 6 |  6.1
Fire Magic     | 1 2 3 |  3.1
Air Magic      | 1 |  1.0
Evocations     | 1 2 |  2.1
Poison Magic   | 1 2 |  2.0
Dodging        | |  2.4
Stealth        | |  2.4
Summonings     | |  1.1
Translocations | |  1.1

Action                   |  1- 3 |  4- 6 |  7- 9 || total
-------------------------+-------+-------+-------++-------
Melee: Unarmed           |     3 |       |       ||     3
       Hand axe          |       |    57 |    20 ||    77
       Short sword       |       |       |    41 ||    41
 Cast: Magic Dart        |   109 |   129 |   116 ||   354
       Mephitic Cloud    |       |     3 |    12 ||    15
       Conjure Flame     |       |     2 |     1 ||     3
       Call Imp          |       |     2 |     1 ||     3
       Blink             |       |       |     1 ||     1
  Use: Potion            |       |     4 |       ||     4
 Stab: Confused          |       |     4 |     5 ||     9
  Eat: Chunk             |     4 |     8 |     9 ||    21
Armor: Robe              |     6 |     7 |       ||    13
       Leather armour    |       |       |    12 ||    12
Dodge: Dodged            |    21 |    58 |    50 ||   129
